 Dungeon Crawl Stone Soup version 0.30-a0-415-g685d318daa (webtiles) character file.

Game seed: 17489711966007085990

990 Emberiza the Digger (level 8, -7/45 HPs)
             Began as a Gargoyle Earth Elementalist on Dec 7, 2022.
             Was an Initiate of Vehumet.
             Mangled by Pikel
             ... wielding a +1 whip of freezing
              (10 damage)
             ... on level 6 of the Dungeon.
             The game lasted 00:17:54 (5584 turns).

Emberiza the Digger (Gargoyle Earth Elementalist)   Turns: 5584, Time: 00:17:55

Health: -7/45      AC: 13    Str: 19    XL:     8   Next: 18%
Magic:  1/11       EV: 12    Int: 17    God:    Vehumet [......]
Gold:   287        SH:  0    Dex: 10    Spells: 7/11 levels left

rFire   . . .      SeeInvis .    B - +0 morningstar
rCold   . . .      Faith    .    (no shield)
rNeg    + . .      Spirit   .    E - +0 robe {Will+}
rPois   ∞          Reflect  .    f - +0 helmet
rElec   +          Harm     .    v - +1 cloak {Will+}
rCorr   .          Rampage  .    x - +1 pair of gloves
Will    ++...                    (no boots)
Stlth   ++........               (no amulet)
HPRegen 0.27/turn                d - ring of wizardry
MPRegen 0.12/turn                p - +6 ring of strength

@: no status effects
A: sickness immunity, AC +5, negative energy resistance 1, electricity
resistance, torment resistance 1, petrification resistance
a: Renounce Religion


You were on level 6 of the Dungeon.
You worshipped Vehumet.
Vehumet was noncommittal.
You visited 1 branch of the dungeon, and saw 6 of its levels.

You collected 287 gold pieces.

Inventory:

Hand Weapons
 c - a +0 short sword
 s - a +0 flail
 w - a +4 quarterstaff of chaos
 B - a +0 morningstar (weapon)
Missiles
 D - 5 poisoned darts
Armour
 a - a +0 robe
 f - a +0 helmet (worn)
 v - a +1 cloak of willpower (worn)
 x - a +1 pair of gloves (worn)
 E - a +0 robe of willpower (worn)
Jewellery
 d - a ring of wizardry (left hand)
 p - a +6 ring of strength (right hand)
 u - a ring of resist corrosion
 z - a +6 ring of dexterity
 F - a ring of willpower
Wands
 h - a wand of flame (29)
 C - a wand of roots (10)
Scrolls
 e - a scroll of silence
 n - 2 scrolls of enchant armour {unknown}
 o - a scroll of summoning {unknown}
 t - a scroll of teleportation
 y - 2 scrolls of identify
 A - a scroll of poison {unknown}
Potions
 b - a potion of magic
 g - 2 potions of mutation {unknown}
 i - 2 potions of heal wounds {unknown}
 j - 2 potions of brilliance
 k - a potion of haste {unknown}
 l - a potion of lignification {unknown}
 m - a potion of curing {unknown}
 q - 2 potions of degeneration {unknown}
 r - 2 potions of cancellation {unknown}


   Skills:
 + Level 2.7 Fighting
 + Level 2.5 Maces & Flails
 + Level 2.8 Armour
 + Level 2.8 Dodging
 - Level 2.1 Stealth
 - Level 2.0 Spellcasting
 - Level 4.4 Conjurations
 - Level 0.7 Transmutations
 - Level 7.0 Earth Magic
 + Level 2.2 Evocations


You had 7 spell levels left.
You knew the following spells:

 Your Spells              Type           Power      Damage    Failure   Level
a - Sandblast             Erth           50%        2d12      1%          1
b - Stone Arrow           Conj/Erth      42%        3d9       2%          3

Your spell library contained the following spells:

 Spells                   Type           Power      Damage    Failure   Level
 Passwall                 Tmut/Erth      11%        N/A       2%          2
 Freeze                   Ice            4%         1d3       8%          1
 Summon Small Mammal      Summ           4%         N/A       8%          1
 Hailstorm                Conj/Ice       9%         3d4       10%         3
 Petrify                  Tmut/Erth      14%        N/A       16%         4
 Call Canine Familiar     Summ           1%         N/A       22%         3
 Frozen Ramparts          Ice            2%         1d1       22%         3
 Summon Guardian Golem    Hex/Summ       1%         N/A       22%         3
 Irradiate                Conj/Tmut      5%         3d13      56%         5
 Blade Hands              Tmut           2%         N/A       82%         5
 Dragon Form              Tmut           2%         N/A       100%        7
 Orb of Destruction       Conj           8%         9d6       100%        7
 Spellforged Servitor     Conj/Summ      4%         N/A       100%        7


Dungeon Overview and Level Annotations

Branches:
Dungeon (6/15)
 Temple: D:4-7

Altars:
Vehumet

Annotations:
D:5 Dowan, Duvessa, Grinder
D:6 Pikel


Innate Abilities, Weirdness & Mutations

You are immune to sickness and miasma.
Your stone body is resilient. (AC +5)
You are immune to poison.
You resist negative energy. (rN+)
You are resistant to electric shocks. (rElec)
You are resistant to unholy torment.
You are immune to petrification.


Message History

Casting: Sandblast (safe; 1% risk of failure)
Confirm with . or Enter, or press ? or * to list all spells.
Aiming: Sandblast (safe; 1% risk of failure)
Press: ? - help, Shift-Dir - straight line, f/p - Pikel
Aim: Pikel, wielding a +1 whip of freezing, wearing a +2 robe and carrying a wand of digging (2) (severely wounded, 79% to hit)
The blast of sand hits Pikel but does no damage.
Pikel is severely wounded.
The lemure barely misses you.
Pikel hits you with a +1 whip of freezing.
* * * LOW HITPOINT WARNING * * *
Pikel freezes you.
* * * LOW HITPOINT WARNING * * *
The scorpion stings you.
* * * LOW HITPOINT WARNING * * *
Pikel says, "Hell isn't that bad."
Pikel closely misses you. The lemure hits you but does no damage.
Casting: Sandblast (safe; 1% risk of failure)
Confirm with . or Enter, or press ? or * to list all spells.
Aiming: Sandblast (safe; 1% risk of failure)
Press: ? - help, Shift-Dir - straight line, f/p - Pikel
Aim: Pikel, wielding a +1 whip of freezing, wearing a +2 robe and carrying a wand of digging (2) (severely wounded, 79% to hit)
The blast of sand hits Pikel but does no damage.
Pikel is severely wounded.
The scorpion stings you but does no damage.
Pikel misses you. The lemure closely misses you.
The scorpion stings you but does no damage.
Casting: Sandblast (safe; 1% risk of failure)
Confirm with . or Enter, or press ? or * to list all spells.
Aiming: Sandblast (safe; 1% risk of failure)
Press: ? - help, Shift-Dir - straight line, f/p - Pikel
Aim: Pikel, wielding a +1 whip of freezing, wearing a +2 robe and carrying a wand of digging (2) (severely wounded, 79% to hit)
The blast of sand hits Pikel.
Pikel is severely wounded.
The scorpion barely misses you. The lemure hits you.
* * * LOW HITPOINT WARNING * * *
Pikel hits you but does no damage. The lemure barely misses you.
The scorpion stings you.
* * * LOW HITPOINT WARNING * * *
Pikel hits you with a +1 whip of freezing!
You die...

##
######.#.
#...#....
##........
#........#
#.s5....#.
#@.......
#.K........
###........
.........
.....!...
..........
.......#.#
........#.#


You could see Pikel, a lemure and a scorpion.

Vanquished Creatures
  An ogre (D:5)
  A phantom (D:4)
  Blork the orc (D:5)
  2 necrophages (D:5)
  3 scorpions
  A jelly (D:3)
  Crazy Yiuf (D:3)
  Jessica (D:3)
  2 iguanas
  Natasha (thrice) (D:2)
  An orc wizard (D:5)
  3 gnolls (D:2)
  8 adders
  A white imp (D:5)
  An ufetubus (D:4)
  A worm (D:2)
  3 dart slugs
  9 orcs
  8 bats
  8 endoplasms
  3 giant cockroaches (D:1)
  7 goblins
  9 hobgoblins
  8 jackals (D:1)
  8 kobolds
  3 quokkas
  8 ball pythons
  6 frilled lizards
  6 rats
117 creatures vanquished.

Vanquished Creatures (others)
  A fungus (D:2)
  5 plants (D:4)
  5 toadstools (D:2)
11 creatures vanquished.

Grand Total: 128 creatures vanquished

Notes
Turn   | Place    | Note
-------+----------+-------------------------------------------
     0 | D:1      | Emberiza the Gargoyle Earth Elementalist began the quest
                  | for the Orb.
     0 | D:1      | Reached XP level 1. HP: 10/10 MP: 3/3
    94 | D:1      | Reached skill level 4 in Earth Magic
   120 | D:1      | Reached XP level 2. HP: 15/15 MP: 0/5
   651 | D:1      | Reached XP level 3. HP: 19/19 MP: 2/6
   655 | D:1      | Reached skill level 5 in Earth Magic
   659 | D:1      | Learned a level 3 spell: Stone Arrow
  1001 | D:1      | Reached skill level 1 in Conjurations
  1146 | D:2      | Noticed Natasha
  1151 | D:2      | Killed Natasha
  1152 | D:2      | Reached XP level 4. HP: 24/24 MP: 4/7
  1369 | D:2      | Reached XP level 5. HP: 28/28 MP: 4/8
  1556 | D:2      | Noticed Natasha
  1558 | D:2      | Killed Natasha
  1559 | D:2      | Reached skill level 6 in Earth Magic
  1782 | D:2      | Noticed Natasha
  1785 | D:2      | Killed Natasha
  2401 | D:3      | Noticed Jessica
  2404 | D:3      | Killed Jessica
  2566 | D:3      | Reached XP level 6. HP: 32/32 MP: 6/9
  3151 | D:3      | Found a runed translucent door.
  3152 | D:3      | Noticed Crazy Yiuf
  3163 | D:3      | Killed Crazy Yiuf
  3650 | D:3      | Reached skill level 7 in Earth Magic
  4407 | D:4      | Reached XP level 7. HP: 37/37 MP: 6/10
  4450 | D:4      | Reached skill level 1 in Armour
  4520 | D:5      | Entered Level 5 of the Dungeon
  4521 | D:5      | Noticed Blork the orc
  4546 | D:5      | Found a radiant altar of Vehumet.
  4562 | D:5      | Reached skill level 1 in Fighting
  4568 | D:5      | Reached skill level 1 in Maces & Flails
  4568 | D:5      | Reached skill level 1 in Evocations
  4798 | D:5      | Became a worshipper of Vehumet
  5017 | D:5      | Killed Blork the orc
  5248 | D:5      | Reached XP level 8. HP: 43/45 MP: 7/11
  5361 | D:5      | Noticed Pikel
  5365 | D:5      | Noticed Grinder
  5568 | D:5      | Noticed Duvessa
  5568 | D:5      | Noticed Dowan
  5584 | D:6      | Mangled by Pikel

Illustrated notes

Levels and vault maps discovered:
D:1:      dpeg_arrival_prison, layout_basic
D:2:      layout_basic, minmay_gold_behind_fungi, uniq_natasha
D:3:      layout_basic, kennysheep_potato, uniq_crazy_yiuf_cottage, uniq_jessica
D:4:      cheibrodos_old_hovel, layout_rooms
D:5:      layout_gridville, fiery_altar_vehumet, uniq_duvessa,
          uniq_blork_the_orc, uniq_grinder, uniq_pikel
D:6:      layout_cave_pools, kennysheep_boxes

Skill      XL: |  1  2  3  4  5  6  7 |
---------------+----------------------+-----
Earth Magic    | 4 5 6 7 |  7.0
Conjurations   | 1 2 3 4 |  4.4
Armour         | 2 |  2.8
Fighting       | 2 |  2.7
Maces & Flails | 2 |  2.5
Dodging        | 2 |  2.8
Evocations     | 2 |  2.2
Stealth        | |  2.1
Spellcasting   | |  2.0
Transmutations | |  0.7

Action                   |  1- 3 |  4- 6 |  7- 9 || total
-------------------------+-------+-------+-------++-------
Melee: Short sword       |    16 |     4 |       ||    20
       Quarterstaff      |       |     3 |       ||     3
       Morningstar       |       |       |     1 ||     1
 Cast: Sandblast         |    48 |    79 |    57 ||   184
       Stone Arrow       |       |     9 |     3 ||    12
  Use: Scroll            |     4 |     5 |       ||     9
Armor: Robe              |    29 |    12 |    29 ||    70
Dodge: Dodged            |    34 |    18 |    37 ||    89

Table legend: (Time is in decaauts)
 A = Elapsed time spent in this place.
 B = Non-inter-level travel time spent in this place.
 C = Inter-level travel time spent in this place.
 D = Time resting spent in this place.
 E = Time spent auto-exploring this place.
 F = Levels seen in this place.
 G = Mean time per level.
                   A        B        C        D        E       F      G
               +--------+--------+--------+--------+--------+-----+--------+
         Total |   5682 |   5443 |    239 |    950 |   3512 |   6 |  947.0 |
       Dungeon |   5682 |   5443 |    239 |    950 |   3512 |   6 |  947.0 |
               +--------+--------+--------+--------+--------+-----+--------+

Top non-repeatable levels by time:
     D:3: 1506 daAuts
     D:2: 1325 daAuts
     D:1: 1155 daAuts
     D:5: 910 daAuts
     D:4: 774 daAuts
     D:6: 9 daAuts
